 Dungeon Crawl Stone Soup version 0.22-a0-40-g3d2f077 (webtiles) character file.

179 Faca the Chopper (level 5, 0/41 HPs)
             Began as a Hill Orc Fighter on Jan 4, 2018.
             Was an Initiate of Beogh.
             Succumbed to isock's ghost's sting
             ... on level 3 of the Dungeon.
             The game lasted 00:05:00 (2496 turns).

Faca the Chopper (Hill Orc Fighter)                 Turns: 2496, Time: 00:05:01

Health: 0/41       AC:  8    Str: 20    XL:     5   Next: 59%
Magic:  5/5        EV:  9    Int: 13    God:    Beogh [......]
Gold:   117        SH:  4    Dex: 10    Spells: 4/4 levels left

rFire    . . .     SeeInvis .   a - +0 war axe
rCold    . . .     Gourm    .   k - +0 buckler
rNeg     . . .     Faith    .   b - +0 scale mail
rPois    .         Spirit   .   g - +0 helmet
rElec    .         Reflect  .   (no cloak)
rCorr    .         Harm     .   (no gloves)
MR       .....                  (no boots)
Stlth    ..........             (no amulet)
HPRegen  0.13/turn              h - ring of loudness (curse)
MPRegen  0.09/turn              (no ring)

@: brilliant, lethally poisoned (0 -> -7)
A: hooves 1, frail 1
a: Renounce Religion


You were on level 3 of the Dungeon.
You worshipped Beogh.
Beogh was noncommittal.
You were not hungry.

You visited 1 branch of the dungeon, and saw 3 of its levels.

You collected 117 gold pieces.

Inventory:

Hand Weapons
 a - a +0 war axe (weapon)
Armour
 b - a +0 scale mail (worn)
 c - a +0 shield
 g - a +0 helmet (worn)
 k - a +0 buckler (worn)
Jewellery
 h - a cursed ring of loudness (left hand)
Scrolls
 j - a scroll of teleportation
Potions
 d - a potion of might
 e - a potion of agility
 i - 3 potions of haste
Comestibles
 f - 5 rations


   Skills:
 + Level 4.2 Fighting
 + Level 5.3 Axes
 + Level 4.2 Armour
 - Level 0.1 Dodging
 - Level 0.7 Stealth
 + Level 3.9 Shields


You had 4 spell levels left.
You didn't know any spells.

Dungeon Overview and Level Annotations

Branches:
Dungeon (3/15)

Altars:
Ashenzari

Annotations:
D:3 isock's ghost, amateur GnWn


Innate Abilities, Weirdness & Mutations

You have large cloven feet.
You are frail. (-10% HP)


Message History

* * * LOW HITPOINT WARNING * * *
You feel sick. You block isock's ghost's attack.
You barely miss isock's ghost. Your kick misses isock's ghost.
Isock's ghost is moderately damaged.
Isock's ghost closely misses you. Isock's ghost casts a spell at you.
The sting hits you!
You are more poisoned.
You hit isock's ghost but do no damage. Your kick misses isock's ghost.
Isock's ghost is moderately damaged.
* * * LOW HITPOINT WARNING * * *
You feel sick. You block isock's ghost's attack.
You slash isock's ghost!
Isock's ghost is heavily damaged.
* * * LOW HITPOINT WARNING * * *
You feel sick.
Isock's ghost hits you but does no damage.
You hit isock's ghost. Your kick misses isock's ghost.
Isock's ghost is heavily damaged.
You die...

.#..## .....###.## .#
...####......$.# ###
.####..#.......##.# ...#
...###..####$...#.##...#
##.......)###..........#
#####...)).........#...##
............###o......%..
###########....W†)÷...<.#
###..)@<......#
#...).......#
#...........#
#..........?# .
#.<.........#
#...........#
.......###### ####....#
#....#


You could see isock's ghost and a neutral orc priest (wandering).

Vanquished Creatures
  An orc priest (D:3)
  Robin (D:3)
  4 gnolls (D:2)
  An adder (D:2)
  An ooze (D:3)
  3 worms (D:2)
  3 dart slugs (D:1)
  A leopard gecko (D:2)
  An orc (D:3)
  3 giant cockroaches
  14 goblins
  12 hobgoblins
  4 jackals (D:2)
  5 kobolds (D:1)
  A quokka (D:2)
  4 bats (D:1)
  5 frilled lizards
  6 rats
70 creatures vanquished.

Vanquished Creatures (others)
  An orc (D:3)
  A goblin (D:3)
2 creatures vanquished.

Grand Total: 72 creatures vanquished

Notes
Turn   | Place    | Note
-------+----------+-------------------------------------------
     0 | D:1      | Faca the Hill Orc Fighter began the quest for the Orb.
     0 | D:1      | Reached XP level 1. HP: 19/19 MP: 1/1
    80 | D:1      | Reached XP level 2. HP: 22/27 MP: 2/2
   119 | D:1      | Reached skill level 3 in Axes
   435 | D:1      | Reached XP level 3. HP: 33/33 MP: 3/3
  1351 | D:2      | Reached skill level 4 in Axes
  1351 | D:2      | Reached XP level 4. HP: 28/40 MP: 4/4
  1734 | D:2      | Found a shattered altar of Ashenzari.
  2137 | D:3      | Noticed Robin
  2138 | D:3      | Reached XP level 5. HP: 43/46 MP: 5/5
  2148 | D:3      | Killed Robin
  2148 | D:3      | Reached skill level 5 in Axes
  2162 | D:3      | Became a worshipper of Beogh the Brigand
  2216 | D:3      | Noticed isock's ghost (amateur GnWn)
  2492 | D:3      | Gained mutation: You are frail. (-10% HP) [potion of mutation]
  2492 | D:3      | Gained mutation: You have large cloven feet. [potion of mutation]
  2494 | D:3      | HP: 2/41 [poisoned by isock's ghost (sting)]
  2496 | D:3      | Succumbed to isock's ghost's sting

Vault maps used:
D:1:      nzn_arrival_depleted_hourglass, minmay_misc_feat_hallway,
          minmay_pentomino_x4
D:2:      evilmike_ruin_ashenzari, first_ration
D:3:      lightli_corner_chamber, uniq_terence, uniq_robin

Skill      XL: |  1  2  3  4  5 |
---------------+----------------+-----
Axes           | 3 4 5 |  5.3
Fighting       | 4 |  4.2
Armour         | 4 |  4.2
Dodging        | |  0.1
Stealth        | |  0.7
Shields        | |  3.9

Action                   |  1- 3 |  4- 6 || total
-------------------------+-------+-------++-------
Melee: War axe           |    93 |    89 ||   182
Invok: Convert to Beogh  |       |     1 ||     1
  Use: Scroll            |     6 |     2 ||     8
       Potion            |       |     2 ||     2
  Eat: Chunk             |     1 |     2 ||     3
       Ration            |       |     1 ||     1
Armor: Scale mail        |    47 |    46 ||    93
Dodge: Dodged            |    53 |    44 ||    97
Block: Shield            |    38 |       ||    38
       Buckler           |     8 |    22 ||    30

Table legend:
 A = Spawn XP
 B = Non-spawn XP
 C = Spawn XP percentage of total XP
 D = Spawn monster count
 E = Non-spawn monster count
 F = Spawn count percentage of total count
 G = Total turns spent on level
                    A         B        C        D         E        F      G
               +---------+---------+-------+---------+---------+-------+---------
         Total |       0 |     256 |   0.0 |       0 |      71 |   0.0 |  2496
               +---------+---------+-------+---------+---------+-------+---------
           D:1 |       0 |      49 |   0.0 |       0 |      29 |   0.0 |   964
           D:2 |       0 |     115 |   0.0 |       0 |      23 |   0.0 |  1388
           D:3 |       0 |      92 |   0.0 |       0 |      19 |   0.0 |   144
               +---------+---------+-------+---------+---------+-------+---------
